[Event "Argentine Superior Chess Championship 2023"]
[Site "https://www.chess.com"]
[Date "2023.10.31"]
[Round "4"]
[White "Perez Ponsa, Federico"]
[Black "Peralta, Fernando"]
[Result "1/2-1/2"]
[Board "4"]
[TimeControl "5400+30"]
[WhiteFideId "117927"]
[BlackFideId "105309"]
[WhiteElo "2527"]
[BlackElo "2580"]
[WhiteTeam "ARG"]
[BlackTeam "ARG"]
[WhiteClock "0:32:21"]
[BlackClock "0:31:41"]

1. d4 Nf6 2. c4 e6 3. Nf3 b6 4. g3 Bb7 5. Bg2 Bb4+ 6. Bd2 Bxd2+ 7. Qxd2 O-O 8. O-O d6 9. Nc3 Ne4 10. Nxe4 Bxe4 11. Qe3 Bb7 12. Qd3 f5 13. Qe3 Re8 14. c5 Nd7 15. b4 Bd5 16. Rfc1 a5 17. cxd6 cxd6 18. b5 Nf6 19. a4 Qd7 20. Nd2 Rac8 21. Qa3 Ne4 22. Nxe4 Bxe4 23. Bxe4 fxe4 24. Ra2 Rc7 25. Rxc7 Qxc7 26. Qb3 Qc1+ 27. Kg2 d5 28. Rc2 Qd1 29. Qc3 h6 30. Qc6 Kf7 31. Qc7+ Kg6 32. Qd7 Qxc2 33. Qxe8+ Kh7 34. Qxe6 Qxe2 35. Qf5+ Kh8 36. Kh3 g5 37. Qg6 Qf1+ 38. Kg4 Qe2+ 39. Kh3 Qf1+ 40. Kg4 Qe2+ 1/2-1/2

[Event "Argentine Superior Chess Championship 2023"]
[Site "https://www.chess.com"]
[Date "2023.10.31"]
[Round "4"]
[White "Tokman, Ariel"]
[Black "Tristan, Leonardo"]
[Result "1-0"]
[Board "5"]
[TimeControl "5400+30"]
[WhiteFideId "117420"]
[BlackFideId "113816"]
[WhiteElo "2306"]
[BlackElo "2523"]
[WhiteTeam "ARG"]
[BlackTeam "ARG"]
[WhiteClock "0:01:38"]
[BlackClock "0:01:36"]

1. d4 f5 2. Nf3 Nf6 3. g3 g6 4. Bg2 Bg7 5. O-O O-O 6. c4 d6 7. Nc3 Qe8 8. Nd5 Nxd5 9. cxd5 Nd7 10. Ng5 Nb6 11. a4 c6 12. Ne6 Bxe6 13. dxe6 Qc8 14. a5 Nd5 15. Qb3 Nc7 16. Bg5 d5 17. Bxe7 Re8 18. Ba3 Bxd4 19. Rfd1 Bf6 20. Rac1 a6 21. Bxd5 Nxd5 22. Rxd5 Qxe6 23. Rd3 Qxb3 24. Rxb3 Rxe2 25. Rxb7 Bd4 26. Bc5 Rxb2 27. Rd7 Be5 28. Bb6 Rc8 29. Re1 Bc3 30. Ree7 Bf6 31. Rf7 Be5 32. Rxh7 c5 33. Rhe7 Bd4 34. Rxd4 cxd4 35. Bxd4 Rb1+ 36. Kg2 Rc6 37. h4 Rb4 38. Bb6 f4 39. Ra7 Rf6 40. Rxa6 f3+ 41. Kh3 Re6 42. Ra8+ Kg7 43. Rd8 Rb3 44. Rd7+ Kf6 45. Bd4+ Kf5 46. Rf7+ Ke4 47. Rf4+ Kd5 48. Bb6 Re4 49. Kg4 Rxf4+ 50. Kxf4 Ke6 51. Ke4 Ra3 52. Kd4 Ra2 53. Kc4 Rc2+ 54. Kd3 Ra2 55. Ke4 Ra3 56. g4 Rb3 57. Kf4 Ra3 58. Kg5 Ra4 59. h5 gxh5 60. gxh5 Kf7 61. h6 Rb4 62. h7 Rb5+ 63. Kh6 Rb4 64. h8=N+ Kf6 65. Bd8+ Ke6 66. Ng6 Rg4 67. Kh5 Rg2 68. Bb6 Kf6 69. Bd4+ Kf5 70. Nh4+ Ke4 71. Be3 Rg8 72. a6 Rh8+ 73. Kg5 Rg8+ 74. Kf6 Rh8 75. a7 1-0

[Event "Argentine Superior Chess Championship 2023"]
[Site "https://www.chess.com"]
[Date "2023.10.31"]
[Round "4"]
[White "Silva, Luca"]
[Black "Villca, Julian"]
[Result "1/2-1/2"]
[Board "6"]
[TimeControl "5400+30"]
[WhiteFideId "147370"]
[BlackFideId "134902"]
[WhiteElo "2287"]
[BlackElo "2383"]
[WhiteTeam "ARG"]
[BlackTeam "ARG"]
[WhiteClock "0:26:35"]
[BlackClock "0:41:02"]

1. d4 d5 2. Bf4 Nf6 3. e3 c5 4. c3 Nc6 5. Nd2 Qb6 6. Qb3 Qxb3 7. axb3 e6 8. h3 Nd7 9. Ngf3 f6 10. Bb5 Kf7 11. Bg3 g5 12. O-O h5 13. dxc5 Bxc5 14. b4 Be7 15. e4 Nb6 16. Bc7 Bd7 17. Bxb6 axb6 18. exd5 exd5 19. Nb3 g4 20. hxg4 hxg4 21. Nfd4 Rad8 22. g3 f5 23. Kg2 f4 24. gxf4 Bd6 25. Rh1 Bxf4 26. Rxh8 Rxh8 27. Bxc6 bxc6 28. Ra7 Rh2+ 29. Kg1 Ke8 30. Ne2 Be5 31. Nbd4 c5 32. bxc5 bxc5 33. Nb3 d4 34. Rxd7 Kxd7 35. Nxc5+ Kc6 36. cxd4 Bb8 37. Ne4 Rh6 38. N2c3 Kd7 39. b4 Rh3 40. Kg2 Ba7 41. Nd5 1/2-1/2

[Event "Argentine Superior Chess Championship 2023"]
[Site "https://www.chess.com"]
[Date "2023.11.01"]
[Round "5"]
[White "Peralta, Fernando"]
[Black "Tokman, Ariel"]
[Result "1-0"]
[Board "2"]
[TimeControl "5400+30"]
[WhiteFideId "105309"]
[BlackFideId "117420"]
[WhiteElo "2580"]
[BlackElo "2306"]
[WhiteTeam "ARG"]
[BlackTeam "ARG"]
[WhiteClock "0:20:05"]
[BlackClock "0:04:15"]

1. d4 d5 2. c4 e6 3. Nc3 Nf6 4. cxd5 exd5 5. Bg5 Bb4 6. e3 h6 7. Bh4 g5 8. Bg3 Ne4 9. Nge2 h5 10. h3 Qf6 11. Qb3 Nxg3 12. Nxg3 Bxc3+ 13. bxc3 h4 14. Ne2 Qd6 15. Ng1 Nc6 16. Nf3 Rg8 17. c4 Be6 18. c5 Qd7 19. Bb5 f6 20. Nh2 Kf7 21. Ng4 Kg7 22. Qd1 Qe7 23. Rb1 Rab8 24. Rb3 a6 25. Be2 b6 26. cxb6 Rxb6 27. O-O Na5 28. Rxb6 cxb6 29. Bxa6 Ra8 30. Bd3 Nc4 31. Bb1 Nd6 32. Re1 Rc8 33. Qb3 Qc7 34. e4 Bxg4 35. hxg4 dxe4 36. Bxe4 Re8 37. f3 Nf7 38. Qb5 Qg3 39. Re2 Rc8 40. Bc2 h3 41. Qf5 Rc4 42. Qg6+ Kf8 43. Qxf6 Rxc2 44. Qe7+ 1-0

[Event "Argentine Superior Chess Championship 2023"]
[Site "https://www.chess.com"]
[Date "2023.11.01"]
[Round "5"]
[White "Villca, Julian"]
[Black "Acosta, Pablo Ismael"]
[Result "1/2-1/2"]
[Board "3"]
[TimeControl "5400+30"]
[WhiteFideId "134902"]
[BlackFideId "124311"]
[WhiteElo "2383"]
[BlackElo "2482"]
[WhiteTeam "ARG"]
[BlackTeam "ARG"]
[WhiteClock "0:03:05"]
[BlackClock "0:01:47"]

1. c4 e6 2. Nf3 d5 3. e3 Nf6 4. b3 Bd6 5. Bb2 O-O 6. Nc3 c6 7. d4 Nbd7 8. Qc2 Qe7 9. h3 e5 10. cxd5 cxd5 11. dxe5 Nxe5 12. Nd4 Be6 13. Bd3 Ba3 14. Bxa3 Qxa3 15. O-O Rac8 16. Qd2 a6 17. Nce2 Bd7 18. f3 Rc7 19. Rfc1 Rxc1+ 20. Qxc1 Qa5 21. Qd1 g6 22. a3 Re8 23. Kf2 h5 24. Ra2 h4 25. Bb1 Qd8 26. Nf4 Qe7 27. Qd2 Bc6 28. a4 Nfd7 29. Rc2 a5 30. Rc3 Nc5 31. Qc1 Na6 32. Nde2 Nb4 33. Qd2 Qg5 34. Qd4 Qf6 35. Nd3 Nbxd3+ 36. Bxd3 Qe7 37. Bb1 Rd8 38. Qc5 Qxc5 39. Rxc5 b6 40. Rc1 Rc8 41. Nd4 Bb7 42. Rxc8+ Bxc8 43. f4 Nd7 44. Ke1 Nc5 45. Bc2 Bb7 46. Kf2 Ba6 47. Nf3 Bd3 48. Bd1 Bb1 49. Ke2 Kg7 50. Kd2 Ne4+ 51. Kc1 Bd3 52. Nxh4 Bf1 53. Kc2 f6 54. Bf3 Nd6 55. g3 Bxh3 56. Bxd5 g5 57. fxg5 fxg5 58. Ng2 Kf6 59. Kd3 Ke5 60. Ba8 Bf5+ 61. Kd2 Be4 62. Bxe4 Nxe4+ 63. Kd3 Nxg3 64. b4 axb4 65. Kc4 Ke4 66. Kxb4 Ne2 67. Kb5 Nc3+ 68. Kxb6 Nxa4+ 69. Kc6 Nb2 70. Kd6 g4 71. Ke6 g3 72. Kf6 Kf3 73. Nh4+ Kg4 74. Ng2 Nd3 75. e4 Kf3 76. Nh4+ Kxe4 77. Kg5 Ne5 78. Kf6 Kf4 79. Ng2+ Kf3 80. Nh4+ Kg4 81. Nf5 Nd7+ 82. Kg6 Ne5+ 83. Kf6 Nd7+ 84. Kg6 g2 85. Ne3+ Kf3 86. Nxg2 Kxg2 1/2-1/2

[Event "Argentine Superior Chess Championship 2023"]
[Site "https://www.chess.com"]
[Date "2023.11.01"]
[Round "5"]
[White "Krysa, Leandro"]
[Black "Gomez, Carlos David"]
[Result "1/2-1/2"]
[Board "4"]
[TimeControl "5400+30"]
[WhiteFideId "116807"]
[BlackFideId "114669"]
[WhiteElo "2546"]
[BlackElo "2331"]
[WhiteTeam "ARG"]
[BlackTeam "ARG"]
[WhiteClock "0:03:18"]
[BlackClock "0:09:38"]

1. Nf3 d5 2. g3 Nf6 3. Bg2 e6 4. O-O Be7 5. c4 dxc4 6. Qa4+ Nbd7 7. Qxc4 c5 8. Qc2 Nd5 9. a3 b5 10. e4 N5b6 11. d4 Bb7 12. Rd1 Qc8 13. d5 exd5 14. exd5 Nxd5 15. Nh4 Bxh4 16. Bxd5 Be7 17. Qe2 Bxd5 18. Rxd5 Kf8 19. Nc3 Nf6 20. Rd1 a6 21. Qf3 Rb8 22. Bg5 h6 23. Bxf6 Bxf6 24. Rac1 Bd4 25. Ne4 Qb7 26. Qf4 g5 27. Qd6+ Qe7 28. Qxb8+ Kg7 29. Nd6 Qf6 30. Qb7 Qxd6 31. Qf3 Rd8 32. b3 a5 33. Re1 Qf6 34. Kg2 b4 35. axb4 axb4 36. Qxf6+ Kxf6 37. Kf3 Ra8 38. Rc2 Ra3 39. Rb1 h5 40. Ke4 Ke6 41. f3 f5+ 42. Kd3 Kd5 43. Ke2 Ra7 44. Kd3 Be5 45. Re1 Bd6 46. Rd2 Be5 47. Rxe5+ Kxe5 48. Kc4 Ra5 49. Re2+ Kd6 50. Rd2+ Ke5 51. Re2+ Kd6 52. Rd2+ Ke5 1/2-1/2

[Event "Argentine Superior Chess Championship 2023"]
[Site "https://www.chess.com"]
[Date "2023.11.01"]
[Round "5"]
[White "Tristan, Leonardo"]
[Black "Silva, Luca"]
[Result "1-0"]
[Board "5"]
[TimeControl "5400+30"]
[WhiteFideId "113816"]
[BlackFideId "147370"]
[WhiteElo "2523"]
[BlackElo "2287"]
[WhiteTeam "ARG"]
[BlackTeam "ARG"]
[WhiteClock "0:04:28"]
[BlackClock "0:08:37"]

1. d4 d5 2. c4 c6 3. cxd5 cxd5 4. Bf4 Nc6 5. e3 Nf6 6. Nc3 a6 7. Be2 Bf5 8. Nf3 Rc8 9. O-O e6 10. Qb3 Bb4 11. Rfc1 O-O 12. Na4 b5 13. Nc5 Bxc5 14. dxc5 Na5 15. Qd1 Ne4 16. Nd4 Nc4 17. Nxf5 exf5 18. b3 g5 19. Bg3 Nxg3 20. hxg3 Ne5 21. a4 b4 22. Bxa6 Rc7 23. Bb5 Qf6 24. Qd4 Rfc8 25. f4 Ng4 26. Qxf6 Nxf6 27. Bd3 Re8 28. a5 Rxe3 29. Bxf5 Rxb3 30. a6 Ra7 31. c6 Ne8 32. c7 Nxc7 33. Rxc7 Rxc7 34. a7 Rxa7 35. Rxa7 Rxg3 36. fxg5 Rxg5 37. Bc2 Rg3 38. Rb7 Rc3 39. Ba4 Rc4 40. Bb3 Rf4 41. Bxd5 Kg7 42. g3 Rf5 43. Be4 Re5 44. Rxb4 f5 45. Bc2 Kf6 46. Kf2 Kg5 47. Rb8 Rc5 48. Rg8+ Kf6 49. Bd3 h6 50. Ke3 Ra5 51. Bc2 Rc5 52. Bd1 Rc3+ 53. Kf2 Rc1 54. Bh5 Rc2+ 55. Ke3 Rh2 56. Rf8+ Kg5 57. Bf7 Rh1 58. Rg8+ Kf6 59. Bd5 Re1+ 60. Kf4 Rf1+ 61. Bf3 Kf7 62. Rd8 Kf6 63. Rd6+ Kg7 64. Rd1 Rf2 65. Rb1 Kf6 66. Rb6+ Kg7 67. Ke3 Rf1 68. Be2 Re1 69. Kf3 Rc1 70. Kf4 1-0

[Event "Argentine Superior Chess Championship 2023"]
[Site "https://www.chess.com"]
[Date "2023.11.01"]
[Round "5"]
[White "Miranda, Rafael"]
[Black "Francisco Guecamburu, Candela Be"]
[Result "1/2-1/2"]
[Board "6"]
[TimeControl "5400+30"]
[WhiteFideId "130990"]
[BlackFideId "160911"]
[WhiteElo "2343"]
[BlackElo "2345"]
[WhiteTeam "ARG"]
[BlackTeam "ARG"]
[WhiteClock "0:31:48"]
[BlackClock "0:22:04"]

1. e4 e5 2. Nf3 Nc6 3. Bb5 a6 4. Ba4 b5 5. Bb3 Na5 6. O-O d6 7. c3 Nxb3 8. axb3 Nf6 9. Re1 Bb7 10. d3 g6 11. Nbd2 Bg7 12. Nf1 O-O 13. Ng3 Re8 14. Bd2 c5 15. Qc1 a5 16. h3 a4 17. bxa4 bxa4 18. Bh6 Bh8 19. c4 Bc6 20. Nd2 Rb8 21. Nb1 Rb3 22. Nc3 Nd7 23. Rd1 Bg7 24. Bxg7 Kxg7 25. Nxa4 Bxa4 26. Rxa4 Qb6 27. Ra2 f6 28. Ne2 Rb8 29. Nc3 Nf8 30. Nd5 Qd8 31. Ra7+ R8b7 32. Rxb7+ Rxb7 33. Qc3 Qb8 34. Ra1 Rxb2 35. Qa5 Rb1+ 36. Rxb1 Qxb1+ 37. Kh2 Qb8 38. Qa6 Qd8 39. Nb6 Ne6 40. Nc8 Nc7 41. Qb7 f5 42. Nb6 1/2-1/2

[Event "Argentine Superior Chess Championship 2023"]
[Site "https://www.chess.com"]
[Date "2023.11.02"]
[Round "6"]
[White "Silva, Luca"]
[Black "Peralta, Fernando"]
[Result "0-1"]
[Board "1"]
[TimeControl "5400+30"]
[WhiteFideId "147370"]
[BlackFideId "105309"]
[WhiteElo "2287"]
[BlackElo "2580"]
[WhiteTeam "ARG"]
[BlackTeam "ARG"]
[WhiteClock "0:31:27"]
[BlackClock "0:33:54"]

1. d4 Nf6 2. c4 e6 3. Nf3 d5 4. g3 Bb4+ 5. Bd2 Be7 6. Bg2 O-O 7. Qc2 c6 8. O-O Nbd7 9. Bf4 a5 10. Rd1 a4 11. h4 h6 12. Nbd2 Nh5 13. e3 f5 14. cxd5 exd5 15. Bh3 Nb6 16. Kh1 Be6 17. Rg1 Nc4 18. Rad1 Nd6 19. Ne5 Qe8 20. Ndf3 a3 21. b3 Rc8 22. Nd3 Ne4 23. Nc5 Nxc5 24. dxc5 Bd7 25. Be5 Nf6 26. Bxf5 Bxf5 27. Qxf5 Ne4 28. Qe6+ Qf7 29. Qxf7+ Rxf7 30. Kg2 Rcf8 31. Bf4 g5 32. hxg5 hxg5 33. Ne5 gxf4 34. gxf4 Rg7+ 35. Kf3 Bf6 36. Ng6 Nc3 37. Nxf8 Kxf8 38. Rxg7 Bxg7 39. Rd2 Ne4 40. Rc2 Bb2 0-1

[Event "Argentine Superior Chess Championship 2023"]
[Site "https://www.chess.com"]
[Date "2023.11.02"]
[Round "6"]
[White "Perez Ponsa, Federico"]
[Black "Krysa, Leandro"]
[Result "1/2-1/2"]
[Board "2"]
[TimeControl "5400+30"]
[WhiteFideId "117927"]
[BlackFideId "116807"]
[WhiteElo "2527"]
[BlackElo "2546"]
[WhiteTeam "ARG"]
[BlackTeam "ARG"]
[WhiteClock "0:22:46"]
[BlackClock "0:30:16"]

1. d4 d5 2. Nf3 Nf6 3. c4 c6 4. Nc3 dxc4 5. a4 a5 6. Ne5 Ng4 7. Nxc4 e5 8. e3 Be6 9. Be2 exd4 10. exd4 Na6 11. O-O Nf6 12. Bf4 Be7 13. Qd3 O-O 14. Rad1 Bxc4 15. Qxc4 Nb4 16. Bf3 Nfd5 17. Nxd5 Nxd5 18. Bxd5 Qxd5 19. Qxd5 cxd5 20. Rc1 Rfc8 21. Rxc8+ Rxc8 22. Rc1 Rxc1+ 23. Bxc1 Bb4 24. Be3 Bd6 25. Bd2 Bc7 26. Be3 Bd6 27. Bd2 Bc7 28. Be3 Bd6 1/2-1/2

[Event "Argentine Superior Chess Championship 2023"]
[Site "https://www.chess.com"]
[Date "2023.11.02"]
[Round "6"]
[White "Tokman, Ariel"]
[Black "Valerga, Diego"]
[Result "1/2-1/2"]
[Board "3"]
[TimeControl "5400+30"]
[WhiteFideId "117420"]
[BlackFideId "100587"]
[WhiteElo "2306"]
[BlackElo "2428"]
[WhiteTeam "ARG"]
[BlackTeam "ARG"]
[WhiteClock "0:34:36"]
[BlackClock "0:27:21"]

1. d4 d5 2. c4 e6 3. Nc3 Be7 4. Nf3 Nf6 5. Bg5 h6 6. Bxf6 Bxf6 7. e3 O-O 8. Rc1 c6 9. Bd3 Nd7 10. O-O dxc4 11. Bxc4 e5 12. h3 exd4 13. exd4 Nb6 14. Bb3 Bf5 15. Re1 Re8 16. Rxe8+ Qxe8 17. Qd2 Qd7 18. Qf4 Re8 19. Rd1 Be6 20. Ne4 Be7 21. Ne5 Qc8 22. Bc2 Nd5 23. Qf3 Qc7 24. Bb3 Bf8 25. Qg3 Qd8 26. Qf3 Qc7 27. a3 Qb6 28. Qg3 Qd8 29. Bc2 g6 30. Nc5 Bxc5 31. dxc5 Qf6 32. Re1 Qf4 33. Qxf4 Nxf4 34. Nc4 Rd8 35. Nd6 b6 36. b4 bxc5 37. bxc5 Bd5 38. Be4 Bxe4 39. Rxe4 Ne6 40. Nb7 Rd1+ 41. Kh2 Rc1 1/2-1/2

[Event "Argentine Superior Chess Championship 2023"]
[Site "https://www.chess.com"]
[Date "2023.11.02"]
[Round "6"]
[White "Acosta, Pablo Ismael"]
[Black "Francisco Guecamburu, Candela Be"]
[Result "1-0"]
[Board "4"]
[TimeControl "5400+30"]
[WhiteFideId "124311"]
[BlackFideId "160911"]
[WhiteElo "2482"]
[BlackElo "2345"]
[WhiteTeam "ARG"]
[BlackTeam "ARG"]
[WhiteClock "0:29:07"]
[BlackClock "0:07:23"]

1. c4 c5 2. Nf3 Nc6 3. Nc3 Nf6 4. d4 cxd4 5. Nxd4 e6 6. Ndb5 d6 7. Bf4 e5 8. Bg5 a6 9. Bxf6 gxf6 10. Na3 Be6 11. e3 f5 12. Qd2 Qa5 13. Rc1 O-O-O 14. Nd5 Qxd2+ 15. Kxd2 Kb8 16. g3 Ne7 17. Bg2 e4 18. Bh3 Nxd5 19. cxd5 Bxd5 20. Bxf5 Bxa2 21. Bxe4 Bg7 22. b3 d5 23. Bc2 Bb2 24. Ra1 Bxa3 25. Rxa2 Bb4+ 26. Ke2 d4 27. Rd1 dxe3 28. Kxe3 Bc5+ 29. Kf4 Bxf2 30. Rxd8+ Rxd8 31. Bxh7 Bc5 32. Be4 Rd6 33. h4 b5 34. h5 Kc7 35. g4 Kb6 36. g5 a5 37. h6 Bd4 38. h7 Rd8 39. Rc2 a4 40. bxa4 bxa4 41. Rc4 Bc5 42. Rxa4 Kb5 43. Ra1 Bd4 44. Rc1 Rf8 45. Rc7 Kb6 46. Rd7 Kc5 47. Bd5 Bg7 48. Kf5 Bh8 49. Bxf7 Kc6 50. Ke6 Bg7 51. Rd1 Kc7 52. Ke7 Ra8 53. Be6 Rf8 54. Rc1+ Kb7 55. Rc8 1-0

[Event "Argentine Superior Chess Championship 2023"]
[Site "https://www.chess.com"]
[Date "2023.11.02"]
[Round "6"]
[White "Villca, Julian"]
[Black "Tristan, Leonardo"]
[Result "1-0"]
[Board "5"]
[TimeControl "5400+30"]
[WhiteFideId "134902"]
[BlackFideId "113816"]
[WhiteElo "2383"]
[BlackElo "2523"]
[WhiteTeam "ARG"]
[BlackTeam "ARG"]
[WhiteClock "0:01:08"]
[BlackClock "0:01:07"]

1. d4 d5 2. c4 e6 3. Nf3 Nf6 4. Nc3 Bb4 5. Bg5 h6 6. Bxf6 Qxf6 7. Qb3 Nc6 8. e3 Qg6 9. cxd5 exd5 10. g3 Qe4 11. Qd1 Bg4 12. Bg2 Nxd4 13. Qxd4 Bxf3 14. Bxf3 Qxf3 15. Qe5+ Kf8 16. O-O Bd6 17. Qd4 h5 18. Qd1 Qf5 19. Qxd5 Qxd5 20. Nxd5 c6 21. Nc3 Ke7 22. Ne4 Rhd8 23. Rad1 Bc7 24. f4 Bb6 25. Kf2 Rd5 26. Nc3 Rdd8 27. Kf3 Ba5 28. Ne2 g6 29. Nc1 Bb6 30. h3 Ke6 31. Ke2 Kf6 32. Nb3 Re8 33. Rd3 Rad8 34. Rxd8 Rxd8 35. Nd2 Re8 36. Nc4 Bc5 37. Rd1 Ke6 38. Kf3 Rc8 39. e4 f6 40. Na5 Rc7 41. Nb3 Bb6 42. a4 a5 43. Rd3 Rc8 44. Nd2 Bc5 45. Nc4 Ra8 46. Nd2 Ke7 47. h4 Bb4 48. Nb3 Rc8 49. f5 gxf5 50. exf5 c5 51. Rd5 b6 52. Nc1 c4 53. Ne2 c3 54. bxc3 Bxc3 55. Nf4 Rc4 56. Rb5 Bd4 57. Nd5+ Kd6 58. Nxb6 Rc3+ 59. Ke4 Bc5 60. Nc8+ Kc7 61. Kd5 Bb4 62. Nb6 Rxg3 63. Ke6 Kc6 64. Nc4 Rg4 65. Nxa5+ Kc7 66. Kxf6 Rxh4 67. Nb3 Rc4 68. a5 Kc6 69. Rb6+ Kc7 70. Kg5 h4 71. Rh6 Rc3 72. Nd4 Rg3+ 73. Kxh4 Be1 74. Nb5+ Kc8 75. Rc6+ Kd7 76. Rd6+ Kc8 77. Re6 Rg1+ 78. Kh5 Bxa5 79. f6 Kd7 80. Re7+ Kc6 81. Nd4+ Kd5 82. Nf5 Bd2 83. Ne3+ Kd6 84. Nc4+ 1-0

[Event "Argentine Superior Chess Championship 2023"]
[Site "https://www.chess.com"]
[Date "2023.11.02"]
[Round "6"]
[White "Gomez, Carlos David"]
[Black "Miranda, Rafael"]
[Result "1/2-1/2"]
[Board "6"]
[TimeControl "5400+30"]
[WhiteFideId "114669"]
[BlackFideId "130990"]
[WhiteElo "2331"]
[BlackElo "2343"]
[WhiteTeam "ARG"]
[BlackTeam "ARG"]
[WhiteClock "0:26:29"]
[BlackClock "0:29:48"]

1. e4 c5 2. Nf3 d6 3. d4 cxd4 4. Nxd4 Nf6 5. Nc3 a6 6. h3 e5 7. Nf3 h6 8. g4 Be7 9. Rg1 Qc7 10. g5 hxg5 11. Nxg5 Nbd7 12. Be3 b5 13. a4 b4 14. Nd5 Nxd5 15. Qxd5 Bxg5 16. Rxg5 Bb7 17. Qb3 Bxe4 18. Rxg7 Nf6 19. O-O-O Kf8 20. Rg3 Rc8 21. Bd3 a5 22. Bxe4 Nxe4 23. Rg4 Nf6 24. Rg3 Ne4 25. Rf3 Qc4 26. Qxc4 Rxc4 27. b3 Rc3 28. Rd3 Rg8 29. Bb6 Rg1+ 30. Kb2 Rxd3 31. cxd3 Nc3 32. Bxa5 Nd5 33. d4 Ke7 34. dxe5 dxe5 35. Rd3 Ke6 36. Bd8 Rg8 37. Bh4 f5 38. Rg3 Rh8 39. Rg6+ Kd7 40. Bf6 Nxf6 41. Rxf6 f4 42. a5 Rxh3 43. a6 Kc7 1/2-1/2

[Event "Argentine Superior Chess Championship 2023"]
[Site "https://www.chess.com"]
[Date "2023.11.03"]
[Round "7"]
[White "Peralta, Fernando"]
[Black "Villca, Julian"]
[Result "1-0"]
[Board "1"]
[TimeControl "5400+30"]
[WhiteFideId "105309"]
[BlackFideId "134902"]
[WhiteElo "2580"]
[BlackElo "2383"]
[WhiteTeam "ARG"]
[BlackTeam "ARG"]
[WhiteClock "0:00:44"]
[BlackClock "0:28:14"]

1. d4 d5 2. c4 e6 3. Nc3 Nf6 4. cxd5 exd5 5. Bg5 Be7 6. e3 O-O 7. Bd3 c6 8. Nge2 Nbd7 9. O-O Ne4 10. Bf4 Ndf6 11. Nxe4 dxe4 12. Bc4 Nd5 13. Bxd5 cxd5 14. Qb3 b6 15. Rfc1 Ba6 16. Nc3 Bc4 17. Qa4 b5 18. Nxb5 Qd7 19. Nc3 Qxa4 20. Nxa4 Rfc8 21. Nc5 g5 22. Bg3 a5 23. b3 Bxc5 24. dxc5 Bb5 25. h4 h6 26. Be5 Rc6 27. hxg5 hxg5 28. Bd6 Kg7 29. Rd1 Bd3 30. f3 f6 31. Kf2 Rh8 32. Rh1 Rxh1 33. Rxh1 Rc8 34. Rc1 Bb5 35. f4 Kg6 36. fxg5 fxg5 37. Ke1 d4 38. a4 Ba6 39. exd4 e3 40. Rc3 e2 41. Kd2 Kf5 42. Re3 Rh8 43. Bg3 Rd8 44. Kc3 Rh8 45. c6 Rh1 46. c7 Kg4 47. d5 Rd1 48. d6 Rd5 49. Kc2 Rd4 50. Be1 Rxd6 51. Bxa5 Rd5 52. Bb4 Rd7 53. Ba5 Rd5 54. Be1 Rd7 55. Re4+ Kf5 56. Rc4 Rd1 57. g4+ Ke6 58. c8=Q+ Bxc8 59. Rxc8 Kd7 60. Rc5 Rxe1 61. Kd2 Rg1 62. Kxe2 Rxg4 63. Kd3 Rg1 64. Kc4 Kd6 65. Kb5 1-0

[Event "Argentine Superior Chess Championship 2023"]
[Site "https://www.chess.com"]
[Date "2023.11.03"]
[Round "7"]
[White "Tristan, Leonardo"]
[Black "Acosta, Pablo Ismael"]
[Result "1-0"]
[Board "2"]
[TimeControl "5400+30"]
[WhiteFideId "113816"]
[BlackFideId "124311"]
[WhiteElo "2523"]
[BlackElo "2482"]
[WhiteTeam "ARG"]
[BlackTeam "ARG"]
[WhiteClock "0:02:30"]
[BlackClock "0:16:14"]

1. d4 d5 2. Bg5 Nd7 3. c4 c6 4. cxd5 cxd5 5. Nc3 Ngf6 6. e3 e6 7. Bd3 Bd6 8. Nf3 h6 9. Bf4 Qc7 10. Qd2 Bxf4 11. exf4 a6 12. Rc1 Qd6 13. O-O O-O 14. Ne5 b6 15. f3 Re8 16. g4 Nf8 17. g5 Nh5 18. gxh6 g6 19. Ne2 Bd7 20. Ng3 Nf6 21. h4 Rec8 22. h5 Bb5 23. hxg6 fxg6 24. Bxb5 axb5 25. Qd3 Qe7 26. Qxb5 Qh7 27. Qxb6 Rcb8 28. Qc7 Rxb2 29. Qxh7+ Kxh7 30. Rc7+ Kxh6 31. Rf2 Rxf2 32. Kxf2 Rxa2+ 33. Kf1 Rd2 34. Ne2 Kh5 35. Rf7 N8h7 36. Nd7 1-0

[Event "Argentine Superior Chess Championship 2023"]
[Site "https://www.chess.com"]
[Date "2023.11.03"]
[Round "7"]
[White "Krysa, Leandro"]
[Black "Tokman, Ariel"]
[Result "1-0"]
[Board "3"]
[TimeControl "5400+30"]
[WhiteFideId "116807"]
[BlackFideId "117420"]
[WhiteElo "2546"]
[BlackElo "2306"]
[WhiteTeam "ARG"]
[BlackTeam "ARG"]
[WhiteClock "0:13:55"]
[BlackClock "0:07:40"]

1. d4 d5 2. c4 e6 3. Nf3 Nf6 4. Nc3 Bb4 5. cxd5 exd5 6. Bg5 Qd6 7. Nd2 c6 8. e3 Nbd7 9. Bd3 O-O 10. O-O h6 11. Bh4 Nb6 12. a3 Bxc3 13. bxc3 Re8 14. a4 Ne4 15. Bxe4 dxe4 16. a5 Nd5 17. c4 Nb4 18. Qb1 Nd3 19. Nxe4 Rxe4 20. Bg3 Qe7 21. Qxd3 h5 22. h3 Re6 23. d5 Rg6 24. h4 Qc5 25. Kh2 b5 26. cxb5 Qxb5 27. Qxb5 cxb5 28. e4 Bd7 29. Rfc1 Ra6 30. Rc7 Rd8 31. f3 f6 32. Bf2 1-0

[Event "Argentine Superior Chess Championship 2023"]
[Site "https://www.chess.com"]
[Date "2023.11.03"]
[Round "7"]
[White "Valerga, Diego"]
[Black "Silva, Luca"]
[Result "1/2-1/2"]
[Board "4"]
[TimeControl "5400+30"]
[WhiteFideId "100587"]
[BlackFideId "147370"]
[WhiteElo "2428"]
[BlackElo "2287"]
[WhiteTeam "ARG"]
[BlackTeam "ARG"]
[WhiteClock "0:36:54"]
[BlackClock "0:27:55"]

1. d4 d5 2. c4 c6 3. Nf3 Nf6 4. Nc3 e6 5. Bg5 dxc4 6. a4 Bb4 7. e4 Bxc3+ 8. bxc3 Qa5 9. e5 Ne4 10. Bd2 c5 11. Bxc4 cxd4 12. cxd4 Nxd2 13. Qxd2 Nc6 14. d5 Qxd2+ 15. Kxd2 exd5 16. Bxd5 Be6 17. Be4 Ke7 18. Rab1 Rad8+ 19. Ke3 Rd7 20. Bxc6 bxc6 21. Nd4 Rc8 22. f4 c5 23. Nb5 c4 24. Nd6 Rc5 25. Rb5 Rdc7 26. Rc1 f6 27. Kd4 R5c6 28. Rc3 a6 29. Rb7 Rxb7 30. Nxb7 Rb6 31. exf6+ Kxf6 32. Nc5 Rd6+ 33. Ke3 Bd5 34. Ne4+ Bxe4 35. Kxe4 Re6+ 36. Kf3 Rc6 37. g4 h5 38. h3 hxg4+ 39. hxg4 g5 40. Ke4 gxf4 41. Kxf4 Rc8 42. Ke4 Kg5 43. Kd5 Kxg4 44. Rxc4+ Rxc4 45. Kxc4 Kf5 46. Kb4 Ke6 47. Ka5 Kd7 48. Kxa6 Kc8 49. Kb5 1/2-1/2

[Event "Argentine Superior Chess Championship 2023"]
[Site "https://www.chess.com"]
[Date "2023.11.03"]
[Round "7"]
[White "Miranda, Rafael"]
[Black "Perez Ponsa, Federico"]
[Result "0-1"]
[Board "5"]
[TimeControl "5400+30"]
[WhiteFideId "130990"]
[BlackFideId "117927"]
[WhiteElo "2343"]
[BlackElo "2527"]
[WhiteTeam "ARG"]
[BlackTeam "ARG"]
[WhiteClock "0:19:06"]
[BlackClock "0:25:20"]

1. e4 c5 2. Nf3 d6 3. d4 cxd4 4. Nxd4 Nf6 5. Nc3 a6 6. Be3 Ng4 7. Bc1 Nc6 8. h3 Nf6 9. g4 g6 10. Be3 Nxd4 11. Bxd4 Bh6 12. Nd5 O-O 13. Nxf6+ exf6 14. Qf3 f5 15. gxf5 d5 16. e5 Bxf5 17. Bd3 Qh4 18. c3 Bxd3 19. Qxd3 Bf4 20. Kf1 Rfe8 21. Re1 Qh5 22. Qe2 Qxe2+ 23. Rxe2 Re6 24. Re1 Rae8 25. Rd1 Bxe5 26. Bxe5 Rxe5 27. Rd2 Re1+ 28. Kg2 R8e2 29. b4 Rxd2 30. Rxe1 Kf8 31. a4 Rd3 32. Re5 Rxc3 33. Rxd5 Rc4 34. b5 Rxa4 35. Rd8+ Kg7 36. Rb8 axb5 37. Rxb7 Rb4 38. Kg3 g5 0-1